 Dungeon Crawl Stone Soup version 0.28.0-53-g5a82cb258f (webtiles) character file.

Game seed: 15157502470849046164

922 dranuc9 the Thaumaturge (level 7, -1/37 HPs)
             Began as a Deep Elf Conjurer on July 3, 2022.
             Was an Initiate of Vehumet.
             Killed by nerve-wracking pain
             ... invoked by an orc priest
              (14 damage)
             ... on level 5 of the Dungeon.
             The game lasted 00:25:51 (5079 turns).

dranuc9 the Thaumaturge (Deep Elf Conjurer)         Turns: 5079, Time: 00:25:51

Health: -1/37      AC:  3    Str:  4    XL:     7   Next: 84%
Magic:  15/20      EV: 12    Int: 31    God:    Vehumet [......]
Gold:   189        SH:  0    Dex: 13    Spells: 12/22 levels left

rFire   . . .      SeeInvis .   d - +1 dagger (speed)
rCold   . . .      Faith    .   (no shield)
rNeg    . . .      Spirit   .   a - +0 robe
rPois   .          Reflect  .   (no helmet)
rElec   .          Harm     .   f - +0 cloak
rCorr   .          Rampage  .   (no gloves)
Will    .....                   (no boots)
Stlth   ++........              (no amulet)
HPRegen 0.12/turn               n - +6 ring of intelligence
MPRegen 0.17/turn               (no ring)

@: no status effects
A: no striking features
a: Renounce Religion


You were on level 5 of the Dungeon.
You worshipped Vehumet.
Vehumet was noncommittal.
You visited 1 branch of the dungeon, and saw 5 of its levels.

You collected 189 gold pieces.

Inventory:

Hand Weapons
 d - a +1 dagger of speed (weapon)
 u - a +2 spear of flaming
Missiles
 p - 9 poisoned darts (quivered)
Armour
 a - a +0 robe (worn)
 f - a +0 cloak (worn)
Jewellery
 n - a +6 ring of intelligence (left hand)
Scrolls
 b - a scroll of fear {unknown}
 e - 2 scrolls of vulnerability {unknown}
 l - 4 scrolls of enchant armour {unknown}
 m - a scroll of silence {unknown}
 o - a scroll of summoning {unknown}
 t - a scroll of blinking {unknown}
Potions
 c - a potion of magic {unknown}
 g - 2 potions of brilliance {unknown}
 h - 2 potions of resistance {unknown}
 i - a potion of ambrosia {unknown}
 j - a potion of flight {unknown}
 k - 3 potions of curing {unknown}
 q - 2 potions of might {unknown}
 r - 2 potions of lignification {unknown}
 s - a potion of heal wounds {unknown}


   Skills:
 + Level 0.6 Fighting
 + Level 3.0 Dodging
 + Level 3.8 Stealth
 + Level 8.3 Spellcasting
 + Level 8.0 Conjurations


You had 12 spell levels left.
You knew the following spells:

 Your Spells              Type           Power      Damage    Failure   Level
a - Magic Dart            Conj           100%       1d8       1%          1
b - Searing Ray           Conj           100%       2d8       1%          2
c - Stone Arrow           Conj/Erth      74%        3d11      2%          3
d - Fulminant Prism       Conj/Hex       18%        3d11      8%          4

Your spell library contained the following spells:

 Spells                   Type           Power      Damage    Failure   Level
 Dazzling Flash           Conj/Hex       74%        N/A       2%          3
 Sandblast                Erth           24%        2d8       3%          1
 Passwall                 Tmut/Erth      10%        N/A       6%          2
 Iskenderun's Mystic Bla  Conj/Tloc      37%        2d9       8%          4
 Gell's Gravitas          Tloc           12%        N/A       12%         3
 Teleport Other           Tloc           12%        N/A       12%         3
 Dispersal                Tloc           6%         N/A       99%         6


Dungeon Overview and Level Annotations

Branches:
Dungeon (5/15)
 Temple: D:4-7

Altars:
Makhleb
Okawaru
Qazlal
Ru
Vehumet
The Shining One

Shops:
D:1 *   D:4 (

Annotations:
D:5 1 runed translucent door, DocClef's ghost, amateur MiFi


Message History

Found a burning altar of Makhleb.
You see here a There-And-Back Book.
You see here a There-And-Back Book.
You pick up a There-And-Back Book and begin reading...
Unfortunately, you learned nothing new.
You open the door.
Found a stone staircase leading up.
An orc priest comes into view. It is wielding a +0 club.
The orc priest shouts!
Casting: Stone Arrow (dangerous; 2% risk of failure)
Confirm with . or Enter, or press ? or * to list all spells.
Aiming: Magic Dart (safe; 1% risk of failure)
Press: ? - help, Shift-Dir - straight line, f - orc priest
Aim: an orc priest, wielding a +0 club (100% to hit)
The magic dart hits the orc priest.
The orc priest is moderately wounded.
Casting: Magic Dart (safe; 1% risk of failure)
Confirm with . or Enter, or press ? or * to list all spells.
Aiming: Magic Dart (safe; 1% risk of failure)
Press: ? - help, Shift-Dir - straight line, f/p - orc priest
Aim: an orc priest, wielding a +0 club (moderately wounded, 100% to hit)
The magic dart hits the orc priest but does no damage.
The orc priest is moderately wounded.
Casting: Magic Dart (safe; 1% risk of failure)
Confirm with . or Enter, or press ? or * to list all spells.
Aiming: Searing Ray (safe; 1% risk of failure)
Press: ? - help, Shift-Dir - straight line, f/p - orc priest
Aim: an orc priest, wielding a +0 club (moderately wounded, 83% to hit)
The searing ray misses the orc priest. (Press . to maintain the ray.)
The orc priest invokes the aid of Beogh against you.
Beogh smites you!
The searing ray misses the orc priest.
The orc priest invokes the aid of Beogh against you.
Beogh smites you!
The searing ray hits the orc priest.
The orc priest is severely wounded.
The orc priest calls down the wrath of Beogh upon you.
Pain shoots through your body!
You die...

...#.................##.##.......
...#.........####.#####.##....###
...#...#####....#.......##....###
...#...#.Z.#....#.......##.......
.......#.?.+..................#.#
.......#.).#.....#............#.#
.......#####..................>..
...........#.###.#######......#.#
.#'##....###.# #@# #.##......
.#.##....# #.###.# #.......[.
##.##....###.....# ####.........
#.#.............# #.......#....
#.#........#o.... #....####...#
##.#.###.......... #....# #...#
)................. #....# #.#.#
#)......).......... #....# #.#..
'.....##........ #....####....


You could see an orc priest.

Vanquished Creatures
  2 black bears
  2 ogres
  A phantom (D:3)
  2 scorpions
  A bullfrog zombie (D:5)
  A jelly (D:4)
  A hound (D:5)
  2 iguanas
  2 orc wizards
  A gnoll (D:3)
  9 adders
  A white imp (D:5)
  An ufetubus (D:5)
  An adder zombie (D:5)
  3 worms
  2 dart slugs (D:4)
  10 orcs
  3 endoplasms
  2 giant cockroaches
  3 hobgoblins
  5 quokkas
  10 ball pythons
  4 bats
  7 frilled lizards
  6 goblins
  A jackal skeleton (D:4)
  5 kobolds
  8 rats
96 creatures vanquished.

Notes
Turn   | Place    | Note
-------+----------+-------------------------------------------
     0 | D:1      | dranuc9 the Deep Elf Conjurer began the quest for the Orb.
     0 | D:1      | Reached XP level 1. HP: 10/10 MP: 6/6
   128 | D:1      | Found a faded altar of an unknown god.
   313 | D:1      | Reached XP level 2. HP: 15/15 MP: 1/8
   375 | D:1      | Found Anwezi's Assorted Antiques.
   852 | D:1      | Learned a level 2 spell: Searing Ray
   906 | D:2      | Reached skill level 5 in Conjurations
  1192 | D:2      | Reached XP level 3. HP: 19/19 MP: 6/10
  2020 | D:3      | Reached XP level 4. HP: 24/24 MP: 7/12
  2127 | D:3      | Found a stormy altar of Qazlal.
  2307 | D:3      | Noticed an ogre
  2314 | D:3      | Killed an ogre
  2315 | D:3      | Reached skill level 5 in Spellcasting
  2315 | D:3      | Reached XP level 5. HP: 28/28 MP: 4/14
  2529 | D:3      | Found an iron altar of Okawaru.
  2653 | D:3      | Noticed a phantom
  2691 | D:3      | Killed a phantom
  2692 | D:3      | Reached XP level 6. HP: 32/32 MP: 2/16
  3130 | D:3      | Found a radiant altar of Vehumet.
  3218 | D:3      | Became a worshipper of Vehumet
  3719 | D:4      | Found a glowing golden altar of the Shining One.
  3799 | D:4      | Reached XP level 7. HP: 36/36 MP: 13/19
  3874 | D:4      | Found Uponwaem's Weapon Shop.
  3970 | D:5      | Entered Level 5 of the Dungeon
  4082 | D:5      | Found a runed translucent door.
  4292 | D:5      | Noticed DocClef's ghost (amateur MiFi)
  4351 | D:5      | Found a sacrificial altar of Ru.
  4883 | D:5      | Learned a level 3 spell: Stone Arrow
  4888 | D:5      | Learned a level 4 spell: Fulminant Prism
  4952 | D:5      | Found a burning altar of Makhleb.
  5079 | D:5      | Killed from afar by an orc priest

Illustrated notes

Levels and vault maps discovered:
D:1:      sevenhm_arrival_forest_fort_small_4, layout_basic,
          shapermc_ecumenical_altar_starsandcircs, serial_shops, shop
D:2:      layout_loops_cross, kennysheep_generic_room_9
D:3:      minmay_bubble_buster, layout_rooms, mainiacjoe_overflow_swirl,
          mainiacjoe_overflow_brackets, minmay_misc_feat_tiny
D:4:      layout_basic, mainiacjoe_overflow_boulevard, serial_shops,
          nicolae_lakefront_shop
D:5:      layout_basic, general_overflow_altar, hangedman_ru_absence,
          ebering_ghost_inner_flame, palyth_stone_intersect

Skill      XL: |  1  2  3  4  5  6  7 |
---------------+----------------------+-----
Conjurations   | 5 6 7 8 |  8.0
Spellcasting   | 4 5 7 8 |  8.3
Stealth        | 3 |  3.8
Dodging        | 3 |  3.0
Fighting       | |  0.6

Action                   |  1- 3 |  4- 6 |  7- 9 || total
-------------------------+-------+-------+-------++-------
Melee: Dagger            |    13 |       |       ||    13
       Punch             |     1 |       |       ||     1
 Cast: Magic Dart        |    61 |    58 |    30 ||   149
       Searing Ray       |     2 |    19 |    15 ||    36
       Stone Arrow       |       |       |     1 ||     1
Armor: Robe              |     1 |     6 |     2 ||     9
Dodge: Dodged            |     5 |    10 |     8 ||    23
